cohdb
Replays
Latest Replays
All Replays
Popular Replays
Top Player Replays
Match Explorer
How It Works
Community
CoH3 Stats
Reddit
Sign in to upload your games and track your stats! →
Sign in with Steam
Match 41553400
Unlisted
Match 41553400
Overview
Messages
Build Orders
End
Kettenkrad Recon Vehicle
Construct Infanterie Kompanie
Grenadier Squad
Grenadier Squad
Grenadier Squad
Selects Breakthrough Battlegroup
Selects Assault Grenadiers
Construct Luftwaffe Kompanie
Flak 30 Anti-aircraft Gun Team
Selects Rapid Production
221 Scout Car
Selects Breakthrough
221 Scout Car
Breakthrough
Flak 30 Anti-aircraft Gun Team
Flak 30 Anti-aircraft Gun Team
Support Elements
Selects Incendiary Bombing Run
Wirbelwind Flakpanzer
HulkSMASH
千石抚子
0
0
Comments
sign in to comment!
No comments posted yet!